 Dungeon Crawl Stone Soup version 0.17.1-1-g73c8601 (webtiles) character file.

0 Implojin the Chopper (level 1, -1/19 HPs)
             Began as a Minotaur Berserker on Apr 8, 2016.
             Was a Follower of Trog.
             Killed from afar by Ijyb (7 damage)
             ... with a wand of magic darts
             ... on level 2 of the Dungeon.
             The game lasted 00:00:14 (25 turns).

Implojin the Chopper (Minotaur Berserker)             Turns: 25, Time: 00:00:14

Health: -1/19      AC:  2    Str: 21    XL:     1   Next: 8%
Magic:  0/0        EV: 12    Int:  4    God:    Trog [*.....]
Gold:   0          SH:  0    Dex:  9    Spells: 0 memorised, 0 levels left

rFire  . . .     SeeInvis .     a - +0 hand axe
rCold  . . .     Clarity  .     b - +0 animal skin
rNeg   . . .     SustAt   .     (no shield)
rPois  .         Gourm    .     (helmet restricted)
rElec  .         Spirit   .     (no cloak)
rCorr  .         Warding  .     (no gloves)
rMut   .         Stasis   .     (no boots)
MR     .....                    (no amulet)
Stlth  +.........               (no ring)
                                (no ring)

@: not resistant to hostile enchantments, very unstealthy
A: retaliatory headbutt, horns 2
a: Berserk, Burn Spellbooks, Renounce Religion


You were on level 2 of the Dungeon.
You worshipped Trog.
Trog was aware of your devotion.
You were not hungry.

You visited 1 branch of the dungeon, and saw 2 of its levels.

Inventory:

Hand Weapons
 a - a +0 hand axe (weapon)
Armour
 b - a +0 animal skin (worn)
Jewellery
 e - an uncursed ring of magical power {unknown}
Potions
 d - a potion of curing {unknown}
Comestibles
 c - 2 bread rations


   Skills:
 - Level 3.6 Fighting
 * Level 3.7 Axes
 - Level 2.4 Armour
 - Level 2.1 Dodging


You couldn't memorise any spells.
You didn't know any spells.

Dungeon Overview and Level Annotations

Branches:
Dungeon (2/15)

Altars:

Annotations:
D:2 Ijyb, Terence


Innate Abilities, Weirdness & Mutations

You reflexively headbutt those who attack you in melee.
You have a pair of horns on your head.


Message History

Welcome, Implojin the Minotaur Berserker.
The bosom of this dungeon contains the fabled artefact, the Orb of Zot.
Trog says: Kill them all!
Press ? for a list of commands and other information.
Found a staircase leading out of the dungeon.
Found 10 gold pieces.
There is a fountain of clear blue water here.
Found a purple potion.
d - a purple potion
Found a stone staircase leading down.
Found a robe.
There is a stone staircase leading down here.
You climb downwards.
A bat comes into view.
Found a notched granite ring and a bread ration.
There is a stone staircase leading up here.
Ijyb the Twisted Goblin comes into view.
Ijyb shouts!
The bat barely misses you.
You see here a notched granite ring.
e - a notched granite ring The bat barely misses you.
Terence the Incautious comes into view.
He is wielding a trident.
The bat misses you. You furiously retaliate!
You headbutt the bat, but do no damage.
Ijyb zaps a wand.
The magic dart hits you!
It is a wand of magic darts.
You see here a bread ration.
c - 2 bread rations (gained 1)
The bat barely misses you.
You hit the bat.
You kill the bat!
Trog accepts your kill.
Ijyb zaps a wand.
The magic dart hits you!
* * * LOW HITPOINT WARNING * * *
A bat comes into view.
You see here a bat corpse.
Ijyb zaps a wand.
The magic dart hits you!
You die...

... ..b ..# ..
#. #g##
###..######
####....@....#
........†....#
###.........#
###########


You could see Ijyb.

Vanquished Creatures
  A bat (D:2)
1 creature vanquished.

Notes
Turn   | Place    | Note
--------------------------------------------------------------
     0 | D:1      | Implojin the Minotaur Berserker began the quest for the Orb.
     0 | D:1      | Reached XP level 1. HP: 19/19 MP: 0/0
    19 | D:2      | Noticed Ijyb
    21 | D:2      | Noticed Terence
    25 | D:2      | Killed from afar by Ijyb

Action                   || total
-------------------------++-------
Melee: Hand axe          ||     1

Table legend:
 A = Turns spent in this place as a percentage of turns spent in the entire game.
 B = Non-inter-level travel turns spent in this place as a percentage of non-inter-level travel turns spent in the entire game.
 C = Inter-level travel turns spent in this place as a percentage of turns spent in this place.
 D = Turns resting spent in this place as a percentage of non-inter-level travel turns spent in this place.
 E = Turns spent auto-exploring this place as a percentage of non-inter-level travel turns spent in this place.
 F = Non-inter-level travel turns spent in this place divided by the number of levels of this place that you've seen.
                   A       B       C       D       E      F
               +-------+-------+-------+-------+-------+----------------------
         Total | 100.0 | 100.0 |   0.0 |   0.0 |   0.0 |  12.0
       Dungeon | 100.0 | 100.0 |   0.0 |   0.0 |   0.0 |  12.0
               +-------+-------+-------+-------+-------+----------------------

Table legend:
 A = Kills in this place as a percentage of kills in entire the game.
 B = Kills by you in this place as a percentage of kills by you in the entire game.
 C = Kills by friends in this place as a percentage of kills by friends in the entire game.
 D = Other kills in this place as a percentage of other kills in the entire game.
 E = Experience gained in this place as a percentage of experience gained in the entire game.
 F = Experience gained in this place divided by the number of levels of this place that you have seen.
                   A       B       C       D       E      F
               +-------+-------+-------+-------+-------+----------------------
         Total | 100.0 | 100.0 |  -nan |  -nan | 100.0 |   0.5
       Dungeon | 100.0 | 100.0 |  -nan |  -nan | 100.0 |   0.5
               +-------+-------+-------+-------+-------+----------------------
